 Dungeon Crawl Stone Soup version 0.19.0-2-gae57169 (webtiles) character file.

191 Patchouli the Ducker (level 5, -2/28 HPs)
             Began as a Spriggan Abyssal Knight on Nov 6, 2016.
             Was a Follower of Lugonu.
             Slain by a centaur (8 damage)
             ... on level 6 of the Dungeon.
             The game lasted 00:12:12 (1814 turns).

Patchouli the Ducker (Spriggan Abyssal Knight)      Turns: 1814, Time: 00:12:13

Health: -2/28      AC:  3    Str: 10    XL:     5   Next: 41%
Magic:  8/8        EV: 19    Int: 13    God:    Lugonu [*.....]
Gold:   142        SH:  0    Dex: 17    Spells: 0 memorised, 4 levels left

rFire  . . .     SeeInvis +     a - +1 short sword
rCold  . . .     Gourm    .     p - +0 robe
rNeg   . . .     Faith    .     (shield restricted)
rPois  .         Spirit   .     (helmet restricted)
rElec  .         Reflect  .     m - +0 cloak
rCorr  .         Harm     .     (gloves unavailable)
MR     .....                    (boots unavailable)
Stlth  ++........               (no amulet)
                                i - +3 ring of slaying
                                r - +2 ring of strength

@: very quick
A: unfitting armour, talons 1, see invisible, herbivore 3, speed 3, slow
metabolism 2, wild magic 2
a: Depart the Abyss, Renounce Religion


You were on level 6 of the Dungeon.
You worshipped Lugonu.
Lugonu was aware of your devotion.
You were not hungry.

You visited 1 branch of the dungeon, and saw 6 of its levels.
You visited the Abyss 1 time.

You collected 142 gold pieces.

Inventory:

Hand Weapons
 a - a +1 short sword (weapon)
 b - a +0 blowgun
 l - a +0 shortbow
 s - a +0 rapier
Missiles
 d - 23 arrows
 t - 10 poisoned needles
Armour
 m - a +0 cloak (worn)
 p - a +0 robe (worn)
Jewellery
 g - an uncursed ring of flight
 i - a +3 ring of slaying (right hand)
 k - a +3 ring of intelligence
 r - a +2 ring of strength (left hand)
Wands
 o - a wand of lightning (5/15)
Scrolls
 e - 2 scrolls of teleportation {unknown}
 f - a scroll of identify
 h - a scroll of blinking {unknown}
 j - a scroll of recharging {unknown}
 n - a scroll of fog {unknown}
 q - 2 scrolls of random uselessness {unknown}
 u - a scroll of remove curse {unknown}
 v - a scroll of amnesia {unknown}
Potions
 w - a potion of haste {unknown}
Comestibles
 c - 4 bread rations


   Skills:
 + Level 2.8 Fighting
 * Level 3.5 Short Blades
 + Level 0.4 Throwing
 + Level 4.3 Dodging
 * Level 2.9 Stealth
 + Level 2.7 Invocations
 * Level 3.0 Evocations


You had 4 spell levels left.
You didn't know any spells.

Dungeon Overview and Level Annotations

Branches:
Dungeon (6/15)
 Temple: D:4-7

Altars:
Xom

Annotations:
D:2 Ijyb


Innate Abilities, Weirdness & Mutations

You are very small and have problems with some larger weapons.
You are too small for most types of armour.
You have supernaturally acute eyesight. (SInv)
You are a herbivore.
You cover ground extremely quickly.
You need consume almost no food.
You have sharp toenails.
Your spells are harder to cast, but more powerful.


Message History

Things that are here:
a short sword; an orc corpse
There is a stone staircase leading down here.
Found 9 gold pieces.
You now have 142 gold pieces (gained 11).
There is a stone staircase leading down here.
You start resting.
You climb downwards.
The centaur shoots an arrow.
The arrow hits you!
The centaur shoots an arrow.
The arrow misses you.
Found an arrow.
There is a stone staircase leading up, spattered with blood here.
You see here an arrow.
The centaur shoots an arrow.
The arrow barely misses you.
The centaur unwields an uncursed shortbow.
The centaur hits you.
* * * LOW HITPOINT WARNING * * *
You puncture the centaur! You claw the centaur.
The centaur is heavily wounded.
The centaur hits you!
You die...

.. .. ...
.####.#####....
...........#.# # ...
......#.####.#
#.#.............. #<..#
#.#.... #....####...(##
#..>.......<..#
#.......c@...(#
#.............#
#.............#.. ..#.#
...............#.##.#.#
##.####%..............#
....#...##..#...
##..............##
.......!........#
#......#


You could see a centaur.

Vanquished Creatures
  A centaur (D:5)
  A jelly (D:5)
  A worker ant (D:4)
  2 adders (D:3)
  A dart slug (D:3)
  A leopard gecko (D:1)
  6 orcs
  A ball python (D:3)
  4 giant cockroaches
  2 goblins
  3 hobgoblins
  A bat (D:1)
  4 frilled lizards
  3 kobolds
  3 rats
34 creatures vanquished.

Notes
Turn   | Place    | Note
-------+----------+-------------------------------------------
     0 | Abyss:1  | Patchouli the Spriggan Abyssal Knight began the quest for the Orb.
     0 | Abyss:1  | Reached XP level 1. HP: 11/11 MP: 3/3
    37 | Abyss:1  | Noticed an insubstantial wisp
    84 | Abyss:1  | Noticed a quasit
   120 | Abyss:1  | Noticed a wretched star
   120 | Abyss:1  | Noticed a neqoxec
   128 | D:1      | Escaped the Abyss
   444 | D:2      | Reached * piety under Lugonu
   474 | D:2      | You fall through a shaft!
   494 | D:4      | Noticed an ogre
   568 | D:3      | Reached XP level 2. HP: 13/16 MP: 4/4
   622 | D:1      | Reached skill level 1 in Stealth
   715 | D:2      | Noticed Ijyb
   817 | D:3      | Reached skill level 1 in Evocations
   817 | D:3      | Reached XP level 3. HP: 9/19 MP: 5/5
  1063 | D:2      | Found a shimmering altar of Xom.
  1228 | D:5      | Entered Level 5 of the Dungeon
  1249 | D:5      | Reached skill level 4 in Dodging
  1249 | D:5      | Reached XP level 4. HP: 19/23 MP: 6/6
  1361 | D:6      | Noticed a centaur
  1393 | D:5      | Noticed a centaur
  1403 | D:5      | Gained mutation: You have sharp toenails. [potion of mutation]
  1403 | D:5      | Gained mutation: Your spells are a little harder to cast, but a little more powerful. [potion of mutation]
  1403 | D:5      | Gained mutation: Your spells are harder to cast, but more powerful. [potion of mutation]
  1411 | D:5      | Killed a centaur
  1411 | D:5      | Reached XP level 5. HP: 5/28 MP: 6/8
  1814 | D:6      | Slain by a centaur

Skill      XL: |  1  2  3  4  5 |
---------------+----------------+-----
Stealth        | 1 2 |  2.9
Invocations    | 2 |  2.7
Evocations     | 1 2 3 |  3.0
Short Blades   | 3 |  3.5
Dodging        | 4 |  4.3
Fighting       | |  2.8
Throwing       | |  0.4

Action                   |  1- 3 |  4- 6 || total
-------------------------+-------+-------++-------
Melee: Short sword       |    45 |    21 ||    66
       Kick              |       |     4 ||     4
 Fire: Blowgun           |    22 |     6 ||    28
       Shortbow          |       |     7 ||     7
Invok: Depart the Abyss  |     1 |       ||     1
Evoke: Wand              |       |     1 ||     1
  Use: Potion            |     1 |     2 ||     3
       Scroll            |     1 |       ||     1
 Stab: Sleeping          |     3 |     1 ||     4
Armor: Robe              |     2 |     3 ||     5
Dodge: Dodged            |    28 |    27 ||    55
